[Event "GambitGuide"]
[Site "Internet Chess Club"]
[Date "2014.10.30"]
[Round "1"]
[White "JSBach"]
[Black "pasha"]
[Result "1/2-1/2"]
[ICCResult "Game drawn because neither player has mating material"]
[WhiteElo "1664"]
[BlackElo "2104"]
[Opening "Vienna: `Frankenstein-Dracula' variation"]
[ECO "C27"]
[NIC "VG.02"]
[Time "23:31:04"]
[TimeControl "120+12"]

1. e4 e5 2. Nc3 Nf6 3. Bc4 Nxe4 4. Qh5 Nd6 5. Bb3 Nc6 6. Nb5 g6 7. Qf3 f5 8.
Qd5 Qe7 9. Nxc7+ Kd8 10. Nxa8 b6 11. Ba4 Bb7 12. Nxb6 axb6 13. Qb3 Kc7 14.
Ne2 Nd4 15. Nxd4 exd4+ 16. Kf1 Bg7 17. d3 Re8 18. Be3 dxe3 19. Re1 Qg5 20.
Bc6 Bxc6 21. f3 Bxf3 22. gxf3 Qh4 23. Re2 Qh3+ 24. Ke1 Qxf3 25. Rf1 Qg4 26.
c3 Bf6 27. Qd5 Bh4+ 28. Kd1 Qa4+ 29. Kc1 f4 30. d4 g5 31. Kb1 Qc4 32. Qf3
Qd3+ 33. Ka1 Nc4 34. Qg2 Nd2 35. a3 Nb3+ 36. Ka2 Qc4 37. Kb1 Nd2+ 38. Kc1
Nxf1 39. Qxf1 g4 40. Qxf4+ Kc8 41. Rxe3 Rxe3 42. Qxe3 Qf1+ 43. Kd2 Qf2+ 44.
Qxf2 Bxf2 45. a4 h5 46. d5 h4 47. Ke2 g3 48. hxg3 hxg3 49. b4 b5 50. axb5
Bb6 51. Kf3 Bc7 52. b6 Be5 53. c4 Kb7 54. c5 Ka6 55. d6 Kb7 56. Kg2 Kc6 57.
Kh3 Bf4 58. Kg2 Kb7 59. b5 Be5 60. c6+ dxc6 61. d7 Bf6 62. bxc6+ Kxc6 63.
Kxg3 Kxb6 64. Kg4 Kc7 65. Kh5 Kxd7
{Game drawn because neither player has mating material}
1/2-1/2

[Event "GambitGuide"]
[Site "Internet Chess Club"]
[Date "2014.10.30"]
[Round "1"]
[White "JSBach"]
[Black "Propugnator"]
[Result "1-0"]
[ICCResult "Black resigns"]
[WhiteElo "1664"]
[BlackElo "1795"]
[Opening "Vienna: `Frankenstein-Dracula' variation"]
[ECO "C27"]
[NIC "VG.02"]
[Time "23:33:39"]
[TimeControl "120+12"]

1. e4 e5 2. Nc3 Nf6 3. Bc4 Nxe4 4. Qh5 Nd6 5. Bb3 Nc6 6. Nb5 g6 7. Qf3 f5 8.
Qd5 Qe7 9. Nxc7+ Kd8 10. Nxa8 b6 11. Ba4 Bb7 12. Nxb6 axb6 13. Qb3 b5 14.
Nf3 bxa4 15. Qxa4 Qe6 16. Ng5 Qd5 17. O-O Nd4 18. Nf3 Ne2+ 19. Kh1 Nxc1 20.
Rfxc1 Bh6 21. Qh4+ {Black resigns} 1-0

[Event "GambitGuide"]
[Site "Internet Chess Club"]
[Date "2014.10.30"]
[Round "1"]
[White "JSBach"]
[Black "alpine"]
[Result "0-1"]
[ICCResult "White checkmated"]
[WhiteElo "1664"]
[BlackElo "1763"]
[Opening "Vienna: `Frankenstein-Dracula' variation"]
[ECO "C27"]
[NIC "VG.02"]
[Time "23:33:54"]
[TimeControl "120+12"]

1. e4 e5 2. Nc3 Nf6 3. Bc4 Nxe4 4. Qh5 Nd6 5. Bb3 Nc6 6. Nb5 g6 7. Qf3 f5 8.
Qd5 Qe7 9. Nxc7+ Kd8 10. Nxa8 b6 11. Ba4 Bb7 12. Nxb6 axb6 13. Qb3 Kc7 14.
Ne2 Bh6 15. d3 Bxc1 16. Rxc1 Nd4 17. Nxd4 exd4+ 18. Kd1 Re8 19. Ra1 Bxg2 20.
Rg1 Bf3+ 21. Kc1 Qe2 22. Qb4 Qxf2 23. Rd1 Bxd1 24. Bb3 Re1 25. Qxe1 Qxe1 26.
Bd5 Bf3# {White checkmated} 0-1

[Event "GambitGuide"]
[Site "Internet Chess Club"]
[Date "2014.10.30"]
[Round "1"]
[White "JSBach"]
[Black "SPARNALIQ"]
[Result "0-1"]
[ICCResult "White checkmated"]
[WhiteElo "1664"]
[BlackElo "2805"]
[Opening "Vienna: `Frankenstein-Dracula' variation"]
[ECO "C27"]
[NIC "VG.02"]
[Time "23:33:37"]
[TimeControl "120+12"]

1. e4 e5 2. Nc3 Nf6 3. Bc4 Nxe4 4. Qh5 Nd6 5. Bb3 Nc6 6. Nb5 g6 7. Qf3 f5 8.
Qd5 Qe7 9. Nxc7+ Kd8 10. Nxa8 b6 11. Ba4 Bb7 12. Nxb6 axb6 13. Qb3 b5 14. d3
Nd4 15. Qc3 bxa4 16. Kf1 N6b5 17. Qa5+ Ke8 18. c3 Nc2 19. Qxb5 Bc6 20. Qb8+
Kf7 21. Rb1 Bg7 22. Qc7 Bb5 23. c4 Bc6 24. Nh3 h6 25. Bd2 Qc5 26. f3 Qd4 27.
Nf2 Re8 28. Rg1 Kg8 29. b4 e4 30. b5 e3 31. Re1 e2+ 32. Rxe2 Qa1+ 33. Bc1
Qxc1+ 34. Nd1 Qxd1+ 35. Kf2 Qxe2+ 36. Kg3 Be5+ 37. Qxe5 Qxe5+ 38. Kh3 Qf4
39. bxc6 Ne3 40. cxd7 Rd8 41. Rc1 g5 42. g3 g4+ 43. fxg4 Qxg4#
{White checkmated}
0-1

[Event "GambitGuide"]
[Site "Internet Chess Club"]
[Date "2014.10.30"]
[Round "1"]
[White "JSBach"]
[Black "superpuma"]
[Result "1-0"]
[ICCResult "Black resigns"]
[WhiteElo "1664"]
[BlackElo "2046"]
[Opening "Vienna: `Frankenstein-Dracula' variation"]
[ECO "C27"]
[NIC "VG.02"]
[Time "23:34:14"]
[TimeControl "120+12"]

1. e4 e5 2. Nc3 Nf6 3. Bc4 Nxe4 4. Qh5 Nd6 5. Bb3 Nc6 6. Nb5 g6 7. Qf3 f5 8.
Qd5 Qe7 9. Nxc7+ Kd8 10. Nxa8 b6 11. Ba4 Bb7 12. Nxb6 axb6 13. Qb3 Kc7 14.
Ne2 Ne4 15. d3 Nc5 16. Qa3 Qh4 17. Bxc6 Bxc6 18. Qa7+ Nb7 19. O-O Bc5 20. c4
e4 21. Bf4+ d6 22. dxe4 Bxe4 23. Rae1 Bd3 24. Bg3 Qg4 25. h3 Qh5 26. Nf4
{Black resigns}
1-0

[Event "GambitGuide"]
[Site "Internet Chess Club"]
[Date "2014.10.30"]
[Round "1"]
[White "JSBach"]
[Black "pasha"]
[Result "0-1"]
[ICCResult "White checkmated"]
[WhiteElo "1664"]
[BlackElo "2104"]
[Opening "Vienna: `Frankenstein-Dracula' variation"]
[ECO "C27"]
[NIC "VG.02"]
[Time "23:34:25"]
[TimeControl "120+12"]

1. e4 e5 2. Nc3 Nf6 3. Bc4 Nxe4 4. Qh5 Nd6 5. Bb3 Nc6 6. Nb5 g6 7. Qf3 f5 8.
Qd5 Qe7 9. Nxc7+ Kd8 10. Nxa8 b6 11. Ba4 Bb7 12. Nxb6 axb6 13. Qb3 Kc7 14.
Ne2 Nd4 15. Nxd4 exd4+ 16. Kf1 Bg7 17. d3 Re8 18. Be3 dxe3 19. Re1 Qg5 20.
Bc6 Bxc6 21. f3 Qh4 22. Re2 f4 23. Qb4 Bxf3 24. gxf3 Qh3+ 25. Ke1 Bf6 26.
Qxf4 Bh4+ 27. Kd1 Bf2 28. a3 Qg2 29. Rhe1 Qh3 30. Rh1 Re6 31. Kc1 Kc8 32.
Qf8+ Kc7 33. Qa8 Nf5 34. Qa7+ Kd8 35. Qb8+ Ke7 36. Qg8 Qh4 37. Kb1 Nd4 38.
Qg7+ Kd6 39. Rxf2 exf2 40. Rd1 Re1 41. Qf8+ Kc7 42. Ka2 Rxd1 43. c3 f1=Q 44.
cxd4 Ra1+ 45. Kb3 Qd1+ 46. Kc4 Rc1+ 47. Kb5 Qxd4 48. Qc8+ Kxc8 49. b4 Q1xd3+
50. Ka4 Qc2+ 51. Kb5 Qcc4+ 52. Ka4 Qb2 53. h3 Rc3 54. f4 Qbb3#
{White checkmated}
0-1

[Event "GambitGuide"]
[Site "Internet Chess Club"]
[Date "2014.10.30"]
[Round "1"]
[White "JSBach"]
[Black "lagarto300"]
[Result "1-0"]
[ICCResult "Black checkmated"]
[WhiteElo "1664"]
[BlackElo "1922"]
[Opening "Vienna: `Frankenstein-Dracula' variation"]
[ECO "C27"]
[NIC "VG.02"]
[Time "23:32:29"]
[TimeControl "120+12"]

1. e4 e5 2. Nc3 Nf6 3. Bc4 Nxe4 4. Qh5 Nd6 5. Bb3 Nc6 6. Nb5 g6 7. Qf3 f5 8.
Qd5 Qe7 9. Nxc7+ Kd8 10. Nxa8 b6 11. Ba4 Bb7 12. Nxb6 axb6 13. Qb3 Kc7 14.
Ne2 Bg7 15. O-O Ra8 16. Re1 e4 17. d3 exd3 18. cxd3 Qf6 19. Be3 Ra6 20. Rac1
g5 21. Bd4 Qf8 22. Bb5 Nxb5 23. Qxb5 h6 24. a3 f4 25. f3 Kb8 26. Bxb6 h5 27.
Bc5 Qf7 28. Rc2 g4 29. fxg4 hxg4 30. Bd6+ Ka8 31. Bxf4 Ra5 32. Qb6 Rf5 33.
Rc4 Ra5 34. Rxc6 Ra6 35. Rc8+ Bxc8 36. Qb8# {Black checkmated} 1-0

[Event "GambitGuide"]
[Site "Internet Chess Club"]
[Date "2014.10.30"]
[Round "1"]
[White "JSBach"]
[Black "SPARNALIQ"]
[Result "0-1"]
[ICCResult "White checkmated"]
[WhiteElo "1664"]
[BlackElo "2805"]
[Opening "Vienna: `Frankenstein-Dracula' variation"]
[ECO "C27"]
[NIC "VG.02"]
[Time "23:35:43"]
[TimeControl "120+12"]

1. e4 e5 2. Nc3 Nf6 3. Bc4 Nxe4 4. Qh5 Nd6 5. Bb3 Nc6 6. Nb5 g6 7. Qf3 f5 8.
Qd5 Qe7 9. Nxc7+ Kd8 10. Nxa8 b6 11. Ba4 Bb7 12. Nxb6 axb6 13. Qb3 b5 14.
Nf3 bxa4 15. Qxa4 Bg7 16. O-O e4 17. Ne1 Nd4 18. Kh1 Qg5 19. d3 f4 20. Qb4
e3 21. Qxd6 Be5 22. Qb6+ Kc8 23. c3 Nc2 24. Rb1 Nxe1 25. Qc5+ Kb8 26. Qxe5+
Qxe5 27. Rxe1 exf2 28. Rf1 f3 29. g3 Qe2 30. Bf4+ Ka8 31. a4 h5 32. a5 h4
33. gxh4 Rxh4 34. Bg3 Rh3 35. Bxf2 g5 36. Rbe1 g4 37. b4 g3 38. Rb1 Rxh2+
39. Kg1 Rg2+ 40. Kh1 gxf2 41. Rbd1 Qe6 42. c4 Qh3# {White checkmated} 0-1

[Event "GambitGuide"]
[Site "Internet Chess Club"]
[Date "2014.10.30"]
[Round "1"]
[White "JSBach"]
[Black "superpuma"]
[Result "1-0"]
[ICCResult "Black resigns"]
[WhiteElo "1664"]
[BlackElo "2046"]
[Opening "Vienna: `Frankenstein-Dracula' variation"]
[ECO "C27"]
[NIC "VG.02"]
[Time "23:35:37"]
[TimeControl "120+12"]

1. e4 e5 2. Nc3 Nf6 3. Bc4 Nxe4 4. Qh5 Nd6 5. Bb3 Nc6 6. Nb5 g6 7. Qf3 f5 8.
Qd5 Qe7 9. Nxc7+ Kd8 10. Nxa8 b6 11. Ba4 Bb7 12. Nxb6 axb6 13. Qb3 Kc7 14.
Ne2 Ne4 15. d3 Nc5 16. Qa3 Bg7 17. Nc3 Nd4 18. O-O Ra8 19. Qb4 Qf7 20. Be3
Bf8 21. Bxd4 exd4 22. Qxd4 Bg7 23. Qf4+ d6 24. Nb5+ {Black resigns} 1-0

[Event "GambitGuide"]
[Site "Internet Chess Club"]
[Date "2014.10.30"]
[Round "1"]
[White "JSBach"]
[Black "Propugnator"]
[Result "1-0"]
[ICCResult "Black resigns"]
[WhiteElo "1664"]
[BlackElo "1795"]
[Opening "Vienna: `Frankenstein-Dracula' variation"]
[ECO "C27"]
[NIC "VG.02"]
[Time "23:34:27"]
[TimeControl "120+12"]

1. e4 e5 2. Nc3 Nf6 3. Bc4 Nxe4 4. Qh5 Nd6 5. Bb3 Nc6 6. Nb5 g6 7. Qf3 f5 8.
Qd5 Qe7 9. Nxc7+ Kd8 10. Nxa8 b6 11. Ba4 Bb7 12. Nxb6 axb6 13. Qb3 b5 14.
Nf3 bxa4 15. Qxa4 Qe6 16. O-O Qd5 17. Re1 Nd4 18. Re3 Nxf3+ 19. Rxf3 e4 20.
Re3 Bh6 21. Re2 Kc8 22. Kf1 e3 23. fxe3 Bc6 24. Qa6+ Bb7 25. Qb6 Re8 26. d3
f4 27. e4 Qe5 28. Rf2 Nf7 29. c4 Qh5 30. Bxf4 Bxf4 31. Rxf4 Ne5 32. Qc5+ Kb8
33. Rf8 Rxf8+ 34. Qxf8+ Kc7 35. Qc5+ Kb8 36. d4 Qxh2 37. Qxe5+ Qxe5 38. dxe5
Bxe4 39. Rd1 Kc7 40. Rd4 Bf5 41. b4 Be6 42. a4 Kb6 43. a5+ Ka6 44. Rd6+ Kb7
45. Rd4 {Black resigns} 1-0

[Event "GambitGuide"]
[Site "Internet Chess Club"]
[Date "2014.10.30"]
[Round "1"]
[White "JSBach"]
[Black "pasha"]
[Result "0-1"]
[ICCResult "White checkmated"]
[WhiteElo "1664"]
[BlackElo "2104"]
[Opening "Vienna: `Frankenstein-Dracula' variation"]
[ECO "C27"]
[NIC "VG.02"]
[Time "23:36:58"]
[TimeControl "120+12"]

1. e4 e5 2. Nc3 Nf6 3. Bc4 Nxe4 4. Qh5 Nd6 5. Bb3 Nc6 6. Nb5 g6 7. Qf3 f5 8.
Qd5 Qe7 9. Nxc7+ Kd8 10. Nxa8 b6 11. Ba4 Bb7 12. Nxb6 axb6 13. Qb3 Kc7 14.
Nf3 Nd4 15. Nxd4 exd4+ 16. Kf1 Bg7 17. Qb4 Re8 18. Qxd6+ Kxd6 19. Bb5 Qe1#
{White checkmated}
0-1

[Event "GambitGuide"]
[Site "Internet Chess Club"]
[Date "2014.10.30"]
[Round "1"]
[White "JSBach"]
[Black "petunia-picker"]
[Result "1-0"]
[ICCResult "Black resigns"]
[WhiteElo "1664"]
[BlackElo "2245"]
[Opening "Vienna: `Frankenstein-Dracula' variation"]
[ECO "C27"]
[NIC "VG.02"]
[Time "23:35:54"]
[TimeControl "120+12"]

1. e4 e5 2. Nc3 Nf6 3. Bc4 Nxe4 4. Qh5 Nd6 5. Bb3 Nc6 6. Nb5 g6 7. Qf3 f5 8.
Qd5 Qe7 9. Nxc7+ Kd8 10. Nxa8 b6 11. Ba4 Bb7 12. Nxb6 axb6 13. Qb3 Kc7 14.
Ne2 b5 15. Bxb5 Nxb5 16. Qxb5 Qc5 17. Qxc5 Bxc5 18. a4 e4 19. d3 d5 20. Bf4+
Kb6 21. Nc3 g5 22. Nxd5+ Ka7 23. Bxg5 Rg8 24. Be3 Bxe3 25. Nxe3 f4 26. Nd5
exd3 27. cxd3 Nd4 28. Nf6 Rxg2 29. Rc1 Rg6 30. Ne4 Nf3+ 31. Kd1 Ne5 32. Ke2
Ba6 33. Rhd1 Rg2 34. Rc7+ Kb6 35. Rxh7 Nxd3 36. Rxd3 {Black resigns} 1-0

[Event "GambitGuide"]
[Site "Internet Chess Club"]
[Date "2014.10.30"]
[Round "1"]
[White "JSBach"]
[Black "DonaldBumsfeld"]
[Result "1-0"]
[ICCResult "Black resigns"]
[WhiteElo "1664"]
[BlackElo "1687"]
[Opening "Vienna: `Frankenstein-Dracula' variation"]
[ECO "C27"]
[NIC "VG.02"]
[Time "23:37:06"]
[TimeControl "120+12"]

1. e4 e5 2. Nc3 Nf6 3. Bc4 Nxe4 4. Qh5 Nd6 5. Bb3 Nc6 6. Nb5 g6 7. Qf3 f5 8.
Qd5 Qe7 9. Nxc7+ Kd8 10. Nxa8 b6 11. Ba4 Bb7 12. Nxb6 axb6 13. Qb3 Kc7 14.
Ne2 Bh6 15. d3 Bxc1 16. Rxc1 Re8 17. Nc3 Nd4 18. Nd5+ Kb8 19. Qxb6 Qd8 20.
Qxd6+ Ka7 21. Bxd7 Re7 22. Nxe7 Bxg2 23. Nc8+ Kb7 24. Bxf5 gxf5 25. Qxd8
{Black resigns}
1-0

[Event "GambitGuide"]
[Site "Internet Chess Club"]
[Date "2014.10.30"]
[Round "1"]
[White "JSBach"]
[Black "Propugnator"]
[Result "1-0"]
[ICCResult "Black resigns"]
[WhiteElo "1664"]
[BlackElo "1795"]
[Opening "Vienna: `Frankenstein-Dracula' variation"]
[ECO "C27"]
[NIC "VG.02"]
[Time "23:37:31"]
[TimeControl "120+12"]

1. e4 e5 2. Nc3 Nf6 3. Bc4 Nxe4 4. Qh5 Nd6 5. Bb3 Nc6 6. Nb5 g6 7. Qf3 f5 8.
Qd5 Qe7 9. Nxc7+ Kd8 10. Nxa8 b6 11. Ba4 Bb7 12. Nxb6 axb6 13. Qb3 b5 14.
Nf3 bxa4 15. Qxa4 Bg7 16. d3 Re8 17. Bg5 Bf6 18. Be3 Qf7 19. Ng5 Bxg5 20.
Bxg5+ Kc7 21. c4 e4 22. O-O exd3 23. c5 Ne4 24. Bf4+ Kc8 25. Qb5 g5 26. Be3
f4 27. Qxd3 fxe3 28. Qxe3 Nxf2 29. Rxf2 Rxe3 30. Rxf7 h6 31. a4 Nd4 32. Rd1
Ne2+ 33. Kf2 Re6 34. Rdxd7 Ba6 35. b4 Bc4 36. a5 Bb5 37. Ra7 Kb8 38. Rab7+
Ka8 39. Rxb5 {Black resigns} 1-0

[Event "GambitGuide"]
[Site "Internet Chess Club"]
[Date "2014.10.30"]
[Round "1"]
[White "JSBach"]
[Black "SPARNALIQ"]
[Result "0-1"]
[ICCResult "White checkmated"]
[WhiteElo "1664"]
[BlackElo "2805"]
[Opening "Vienna: `Frankenstein-Dracula' variation"]
[ECO "C27"]
[NIC "VG.02"]
[Time "23:40:05"]
[TimeControl "120+12"]

1. e4 e5 2. Nc3 Nf6 3. Bc4 Nxe4 4. Qh5 Nd6 5. Bb3 Nc6 6. Nb5 g6 7. Qf3 f5 8.
Qd5 Qe7 9. Nxc7+ Kd8 10. Nxa8 b6 11. Ba4 Bb7 12. Nxb6 axb6 13. Qb3 Kc7 14.
Ne2 Nd4 15. Nxd4 exd4+ 16. Kf1 Bg7 17. d3 Re8 18. Be3 dxe3 19. Re1 Qg5 20.
Bc6 Bxc6 21. f3 e2+ 22. Rxe2 Qc1+ 23. Kf2 Bd4+ 24. Re3 Qxe3+ 25. Kg3 Be5+
26. Kh3 Qh6# {White checkmated} 0-1

[Event "GambitGuide"]
[Site "Internet Chess Club"]
[Date "2014.10.30"]
[Round "1"]
[White "JSBach"]
[Black "pasha"]
[Result "0-1"]
[ICCResult "White checkmated"]
[WhiteElo "1664"]
[BlackElo "2104"]
[Opening "Vienna: `Frankenstein-Dracula' variation"]
[ECO "C27"]
[NIC "VG.02"]
[Time "23:39:09"]
[TimeControl "120+12"]

1. e4 e5 2. Nc3 Nf6 3. Bc4 Nxe4 4. Qh5 Nd6 5. Bb3 Nc6 6. Nb5 g6 7. Qf3 f5 8.
Qd5 Qe7 9. Nxc7+ Kd8 10. Nxa8 b6 11. Ba4 Bb7 12. Nxb6 axb6 13. Qb3 Kc7 14.
Ne2 Nd4 15. Nxd4 exd4+ 16. Kf1 Bg7 17. a3 Re8 18. Qe3 dxe3 19. dxe3 Ba6+ 20.
Kg1 Qe4 21. Bb3 Nc4 22. c3 Qd3 23. h4 Be5 24. Rh3 Nd2 25. Bxd2 Qxd2 26. Bf7
Re7 27. Bxg6 hxg6 28. b3 Qxc3 29. Rd1 Qc2 30. Re1 Qd2 31. Rf1 Bxf1 32. h5
Be2 33. f4 Qe1+ 34. Kh2 Bd6 35. hxg6 Bg4 36. Rh7 Rxh7+ 37. gxh7 Qh4+ 38. Kg1
Bc5 39. Kf1 Bxe3 40. h8=R Qxh8 41. g3 Qh1# {White checkmated} 0-1

[Event "GambitGuide"]
[Site "Internet Chess Club"]
[Date "2014.10.30"]
[Round "1"]
[White "JSBach"]
[Black "SPARNALIQ"]
[Result "0-1"]
[ICCResult "White checkmated"]
[WhiteElo "1664"]
[BlackElo "2805"]
[Opening "Vienna: `Frankenstein-Dracula' variation"]
[ECO "C27"]
[NIC "VG.02"]
[Time "23:40:33"]
[TimeControl "120+12"]

1. e4 e5 2. Nc3 Nf6 3. Bc4 Nxe4 4. Qh5 Nd6 5. Bb3 Nc6 6. Nb5 g6 7. Qf3 f5 8.
Qd5 Qe7 9. Nxc7+ Kd8 10. Nxa8 b6 11. Ba4 Bb7 12. Nxb6 axb6 13. Qb3 Kc7 14.
Ne2 Nd4 15. Nxd4 exd4+ 16. Kf1 Bg7 17. a3 Re8 18. Qe3 dxe3 19. dxe3 b5 20.
Bb3 Nc4 21. a4 Qd6 22. c3 Qd3+ 23. Kg1 Nxe3 24. Bxe3 Rxe3 25. fxe3 Qe2 26.
Bd5 Bxd5 27. e4 Bxe4 28. axb5 Qxg2# {White checkmated} 0-1

[Event "GambitGuide"]
[Site "Internet Chess Club"]
[Date "2014.10.30"]
[Round "1"]
[White "JSBach"]
[Black "Propugnator"]
[Result "1-0"]
[ICCResult "Black resigns"]
[WhiteElo "1664"]
[BlackElo "1795"]
[Opening "Vienna: `Frankenstein-Dracula' variation"]
[ECO "C27"]
[NIC "VG.02"]
[Time "23:39:21"]
[TimeControl "120+12"]

1. e4 e5 2. Nc3 Nf6 3. Bc4 Nxe4 4. Qh5 Nd6 5. Bb3 Nc6 6. Nb5 g6 7. Qf3 f5 8.
Qd5 Qe7 9. Nxc7+ Kd8 10. Nxa8 b6 11. Ba4 Bb7 12. Nxb6 axb6 13. Qb3 b5 14.
Nf3 bxa4 15. Qxa4 Bg7 16. O-O e4 17. Ne1 Qf7 18. f3 Bd4+ 19. Kh1 Re8 20. c3
Bb6 21. b3 Bc7 22. Ba3 exf3 23. Nxf3 Nc8 24. Rae1 Qf6 25. Qb5 Ba8 26. Bc5
Nd6 27. Bxd6 Qxd6 28. Rxe8+ Kxe8 29. Qa6 Nb8 30. Qxa8 g5 31. g3 g4 32. Nd4
Kf7 33. Rxf5+ Kg6 34. Qe4 {Black resigns} 1-0

[Event "GambitGuide"]
[Site "Internet Chess Club"]
[Date "2014.10.30"]
[Round "1"]
[White "JSBach"]
[Black "pasha"]
[Result "0-1"]
[ICCResult "White checkmated"]
[WhiteElo "1664"]
[BlackElo "2104"]
[Opening "Vienna: `Frankenstein-Dracula' variation"]
[ECO "C27"]
[NIC "VG.02"]
[Time "23:41:17"]
[TimeControl "120+12"]

1. e4 e5 2. Nc3 Nf6 3. Bc4 Nxe4 4. Qh5 Nd6 5. Bb3 Nc6 6. Nb5 g6 7. Qf3 f5 8.
Qd5 Qe7 9. Nxc7+ Kd8 10. Nxa8 b6 11. Ba4 Bb7 12. Nxb6 axb6 13. Qb3 Kc7 14.
Ne2 Nd4 15. Nxd4 exd4+ 16. Kf1 Bg7 17. a3 Re8 18. Qe3 dxe3 19. dxe3 Ba6+ 20.
Kg1 Qe4 21. Bb3 Nc4 22. c3 Qd3 23. Ba4 Nxa3 24. h3 Be5 25. f4 Bxf4 26. exf4
Re2 27. bxa3 Qg3 28. Rh2 Qe1# {White checkmated} 0-1

[Event "GambitGuide"]
[Site "Internet Chess Club"]
[Date "2014.10.30"]
[Round "1"]
[White "JSBach"]
[Black "SPARNALIQ"]
[Result "0-1"]
[ICCResult "White checkmated"]
[WhiteElo "1664"]
[BlackElo "2805"]
[Opening "Vienna: `Frankenstein-Dracula' variation"]
[ECO "C27"]
[NIC "VG.02"]
[Time "23:41:59"]
[TimeControl "120+12"]

1. e4 e5 2. Nc3 Nf6 3. Bc4 Nxe4 4. Qh5 Nd6 5. Bb3 Nc6 6. Nb5 g6 7. Qf3 f5 8.
Qd5 Qe7 9. Nxc7+ Kd8 10. Nxa8 b6 11. Ba4 Bb7 12. Nxb6 axb6 13. Qb3 Kc7 14.
Ne2 Nd4 15. Nxd4 exd4+ 16. Kf1 Bg7 17. d3 Re8 18. Be3 dxe3 19. Re1 Qg5 20.
Bc6 Bxc6 21. f3 e2+ 22. Rxe2 Qc1+ 23. Kf2 Bd4+ 24. Re3 Qxe3+ 25. Kg3 Qg5+
26. Kh3 Qh6+ 27. Kg3 Qg5+ 28. Kh3 Be5 29. Qb4 Ne4 30. g3 Nxg3 31. Rg1 Qh5+
32. Qh4 Qxf3 33. hxg3 g5 34. Qxg5 f4 35. Qg4 Qf2 36. Qh5 Qxg1 37. Qg5 h5 38.
Qd8+ Rxd8 39. gxf4 Bf3 40. fxe5 Qg4+ 41. Kh2 Qg2# {White checkmated} 0-1

[Event "GambitGuide"]
[Site "Internet Chess Club"]
[Date "2014.10.30"]
[Round "1"]
[White "JSBach"]
[Black "Propugnator"]
[Result "1-0"]
[ICCResult "Black resigns"]
[WhiteElo "1664"]
[BlackElo "1795"]
[Opening "Vienna: `Frankenstein-Dracula' variation"]
[ECO "C27"]
[NIC "VG.02"]
[Time "23:41:10"]
[TimeControl "120+12"]

1. e4 e5 2. Nc3 Nf6 3. Bc4 Nxe4 4. Qh5 Nd6 5. Bb3 Nc6 6. Nb5 g6 7. Qf3 f5 8.
Qd5 Qe7 9. Nxc7+ Kd8 10. Nxa8 b6 11. Ba4 Bb7 12. Nxb6 axb6 13. Qb3 b5 14.
Nf3 bxa4 15. Qxa4 Bg7 16. O-O Qe6 17. Re1 Qc4 18. Qxc4 Nxc4 19. d3 Nb6 20.
Be3 Nd5 21. Bg5+ Kc7 22. c4 Nb6 23. a3 h6 24. Bd2 d6 25. Nh4 Nd4 26. Nxg6
Re8 27. Rad1 Re6 28. Nh4 Bf6 29. Bc3 Bxh4 30. Bxd4 Rg6 31. Bxb6+ Kxb6 32. g3
f4 33. b4 fxg3 34. hxg3 {Black resigns} 1-0

[Event "GambitGuide"]
[Site "Internet Chess Club"]
[Date "2014.10.30"]
[Round "1"]
[White "JSBach"]
[Black "Totoro"]
[Result "0-1"]
[ICCResult "White checkmated"]
[WhiteElo "1664"]
[BlackElo "1531"]
[Opening "Vienna: `Frankenstein-Dracula' variation"]
[ECO "C27"]
[NIC "VG.02"]
[Time "23:39:50"]
[TimeControl "120+12"]

1. e4 e5 2. Nc3 Nf6 3. Bc4 Nxe4 4. Qh5 Nd6 5. Bb3 Nc6 6. Nb5 g6 7. Qf3 f5 8.
Qd5 Qe7 9. Nxc7+ Kd8 10. Nxa8 b6 11. Ba4 Bb7 12. Nxb6 axb6 13. Qb3 Kc7 14.
Ne2 Bg7 15. O-O Ra8 16. Re1 Na5 17. Qd3 Ba6 18. Qh3 h5 19. Nf4 Qf7 20. Nd3
e4 21. Nf4 Nac4 22. Rb1 Ne5 23. Qa3 g5 24. Nh3 Bf6 25. d4 exd3 26. Nxg5 Bxg5
27. Bxg5 Ndc4 28. Qb4 d2 29. Re2 Qd5 30. Bxd2 Bb7 31. f4 Nf3+ 32. gxf3 Rg8+
33. Kf1 Qxf3+ 34. Rf2 Rg1+ 35. Kxg1 Qh1# {White checkmated} 0-1

[Event "GambitGuide"]
[Site "Internet Chess Club"]
[Date "2014.10.30"]
[Round "1"]
[White "JSBach"]
[Black "SPARNALIQ"]
[Result "0-1"]
[ICCResult "White checkmated"]
[WhiteElo "1664"]
[BlackElo "2805"]
[Opening "Vienna: `Frankenstein-Dracula' variation"]
[ECO "C27"]
[NIC "VG.02"]
[Time "23:44:06"]
[TimeControl "120+12"]

1. e4 e5 2. Nc3 Nf6 3. Bc4 Nxe4 4. Qh5 Nd6 5. Bb3 Nc6 6. Nb5 g6 7. Qf3 f5 8.
Qd5 Qe7 9. Nxc7+ Kd8 10. Nxa8 b6 11. Ba4 Bb7 12. Nxb6 axb6 13. Qb3 Kc7 14.
Ne2 Nd4 15. Nxd4 exd4+ 16. Kf1 Bg7 17. Rg1 Re8 18. Qe3 dxe3 19. dxe3 Qe4 20.
Bb3 Ba6+ 21. Ke1 Nc4 22. c3 Ne5 23. f4 Qd3 24. Bd1 Ng4 25. Bxg4 fxg4 26. Kf2
Qe2+ 27. Kg3 Rxe3+ 28. Bxe3 Qxe3+ 29. Kxg4 Bd3 30. Kg5 Bf5 31. Rge1 h6+ 32.
Kh4 Qxf4+ 33. g4 Qxg4# {White checkmated} 0-1

[Event "GambitGuide"]
[Site "Internet Chess Club"]
[Date "2014.10.30"]
[Round "1"]
[White "JSBach"]
[Black "pasha"]
[Result "0-1"]
[ICCResult "White checkmated"]
[WhiteElo "1664"]
[BlackElo "2104"]
[Opening "Vienna: `Frankenstein-Dracula' variation"]
[ECO "C27"]
[NIC "VG.02"]
[Time "23:43:22"]
[TimeControl "120+12"]

1. e4 e5 2. Nc3 Nf6 3. Bc4 Nxe4 4. Qh5 Nd6 5. Bb3 Nc6 6. Nb5 g6 7. Qf3 f5 8.
Qd5 Qe7 9. Nxc7+ Kd8 10. Nxa8 b6 11. Ba4 Bb7 12. Nxb6 axb6 13. Qb3 Kc7 14.
Ne2 Nd4 15. Nxd4 exd4+ 16. Kf1 Bg7 17. d3 Re8 18. Be3 dxe3 19. Re1 Qg5 20.
Bc6 Bxc6 21. f3 e2+ 22. Rxe2 Qc1+ 23. Kf2 Bd4+ 24. Re3 Qxe3+ 25. Kg3 Qg5+
26. Kh3 Bf2 27. g3 Bxf3 28. Qc3+ Kd8 29. Qb4 Qh5+ 30. Qh4+ Qxh4+ 31. Kxh4
Bd4 32. Rf1 Bg4 33. Rxf5 gxf5 34. Kg5 Re6 35. b4 Be3+ 36. Kh4 Rh6#
{White checkmated}
0-1

[Event "GambitGuide"]
[Site "Internet Chess Club"]
[Date "2014.10.30"]
[Round "1"]
[White "JSBach"]
[Black "SPARNALIQ"]
[Result "0-1"]
[ICCResult "White checkmated"]
[WhiteElo "1664"]
[BlackElo "2805"]
[Opening "Vienna: `Frankenstein-Dracula' variation"]
[ECO "C27"]
[NIC "VG.02"]
[Time "23:44:30"]
[TimeControl "120+12"]

1. e4 e5 2. Nc3 Nf6 3. Bc4 Nxe4 4. Qh5 Nd6 5. Bb3 Nc6 6. Nb5 g6 7. Qf3 f5 8.
Qd5 Qe7 9. Nxc7+ Kd8 10. Nxa8 b6 11. Ba4 Bb7 12. Nxb6 axb6 13. Qb3 Kc7 14.
Ne2 Nd4 15. Nxd4 exd4+ 16. Kf1 Bg7 17. Rg1 Re8 18. Qe3 dxe3 19. dxe3 Qe4 20.
Bb3 Ba6+ 21. Ke1 Nc4 22. c3 Ne5 23. Bd2 Qd3 24. Bd1 Nc4 25. Bc1 Bxc3+ 26.
bxc3 Qxc3+ 27. Bd2 Qxd2+ 28. Kf1 Nxe3# {White checkmated} 0-1